 Dungeon Crawl Stone Soup version 0.30-a0-691-g754fce4c43 (webtiles) character file.

Game seed: 1633008374938707638

4 wormed the Ducker (level 1, 0/10 HPs)
             Began as a Felid Chaos Knight on Jan 19, 2023.
             Was a Plaything of Xom.
             Killed from afar by a dart slug (3 damage)
             ... with a slug dart
             ... on level 1 of the Dungeon.
             The game lasted 00:00:31 (184 turns).

wormed the Ducker (Felid Chaos Knight)               Turns: 184, Time: 00:00:32

Health: 0/10       AC:  1    Str:  8    XL:     1   Next: 58%
Magic:  2/2        EV: 17    Int: 13    God:    Xom [..*...]
Gold:   11         SH:  0    Dex: 15    Spells: 0/0 levels left
                                        Lives:  0   Deaths: 0

rFire   . . .      SeeInvis +      - Unarmed
rCold   . . .      Faith    .    (shield unavailable)
rNeg    . . .      Spirit   .    (body armour unavailable)
rPois   .          Reflect  .    (helmet unavailable)
rElec   .          Harm     .    (cloak unavailable)
rCorr   .          Rampage  .    (gloves unavailable)
Will    .....                    (boots unavailable)
Stlth   +                        (no amulet)
HPRegen 0.21/turn                (no ring)
MPRegen 0.08/turn                (no ring)

@: quick
A: very small, claws 1, fangs 3, see invisible, speed 1, shaggy fur 1, stealthy
paws, no weapons or thrown items, no armour, multi-lived
a: Renounce Religion


You were on level 1 of the Dungeon.
You worshipped Xom.
You were a toy of Xom.
You visited 1 branch of the dungeon, and saw 1 of its levels.

You collected 11 gold pieces.

Inventory:

Potions
 b - a potion of haste {unknown}
Miscellaneous
 a - a piece from Xom's chessboard (15/15) (quivered)


   Skills:
 + Level 3.1 Fighting
 + Level 3.3 Dodging
 + Level 3.1 Unarmed Combat


You couldn't memorise any spells.
You didn't know any spells.
Your spell library was empty.

Dungeon Overview and Level Annotations

Branches:
Dungeon (1/15)

Altars:


Innate Abilities, Weirdness & Mutations

You have sharp claws.
You have razor-sharp teeth.
You have supernaturally acute eyesight. (SInv)
You cover ground quickly. (Speed+)
You are covered in fur. (AC +1)
Your paws help you pounce on unaware monsters.
You are incapable of wielding weapons or throwing items.
You cannot wear armour.
You gain extra lives every three experience levels.


Message History

The kobold shouts!
You hear a shout!
You hear an angry hiss.
The dart slug launches a dart at you. The slug dart hits you.
Ouch! That really hurt!
* * * LOW HITPOINT WARNING * * *
A shower of butterflies erupts from you!
You swap places.
A frilled lizard comes into view.
You swap places.
The dart slug barely misses your butterfly.
You scratch the hobgoblin.
You claw the hobgoblin, but do no damage.
The hobgoblin is moderately wounded.
A bat comes into view.
The hobgoblin misses you.
You scratch the hobgoblin. You bite the hobgoblin.
You kill the hobgoblin!
The bat barely misses your butterfly.
A kobold and a frilled lizard come into view.
The kobold shouts!
The kobold barely misses you.
You barely miss the kobold. The kobold misses you.
You scratch the kobold.
The kobold is heavily wounded.
The bat completely misses you. The kobold misses you.
You scratch the kobold.
You kill the kobold!
The bat hits you but does no damage.
You closely miss the bat. Your bite misses the bat. The bat closely misses you.
The bat hits your butterfly.
Your butterfly dies!
Your butterfly disappears in a puff of smoke!
The dart slug misses you. The frilled lizard barely misses you.
The kobold misses your butterfly.
You miss the frilled lizard. Your bite misses the frilled lizard.
The bat closely misses you. The frilled lizard bites you.
* * * LOW HITPOINT WARNING * * *
The dart slug launches a dart at you. The slug dart hits you.
You die...

.......... .......... .
#......... ..### #.........
#######......###.........
....?.#.......b.).....#
..............bb......#
................llK...#
...............w@.....#
........#......b......#
......###........b....#####
....gb..+....b............#
+###'####.................#
#.#.#..................#
#.....####.#...........#
#.#...g................#
##############'###'###########


You could see a dart slug (ally target), a bat, a kobold and 2 frilled lizards.

Vanquished Creatures
  2 hobgoblins (D:1)
  A kobold (D:1)
  A rat (D:1)
4 creatures vanquished.

Notes
Turn   | Place    | Note
-------+----------+-------------------------------------------
     0 | D:1      | wormed the Felid Chaos Knight began the quest for the Orb.
     0 | D:1      | Reached XP level 1. HP: 10/10 MP: 2/2
   106 | D:1      | XOM: divination: magic mapping
   143 | D:1      | XOM: silly message
   148 | D:1      | XOM: butterfly on damage
   169 | D:1      | XOM: silly message
   171 | D:1      | XOM: butterfly on damage
   184 | D:1      | Killed from afar by a dart slug

Illustrated notes

Levels and vault maps discovered:
D:1:      minmay_arrival_nine_rooms, layout_basic, minivault_5

Action                   || total
-------------------------++-------
Melee: Unarmed           ||    17
       Bite              ||     4
       Punch             ||     1
Armor: Skin              ||     1
Dodge: Dodged            ||    16

Table legend: (Time is in decaauts)
 A = Elapsed time spent in this place.
 B = Non-inter-level travel time spent in this place.
 C = Inter-level travel time spent in this place.
 D = Time resting spent in this place.
 E = Time spent auto-exploring this place.
 F = Levels seen in this place.
 G = Mean time per level.
                   A        B        C        D        E       F      G
               +--------+--------+--------+--------+--------+-----+--------+
         Total |    152 |    152 |      0 |      0 |    105 |   1 |  152.0 |
       Dungeon |    152 |    152 |      0 |      0 |    105 |   1 |  152.0 |
               +--------+--------+--------+--------+--------+-----+--------+

Top non-repeatable levels by time:
     D:1: 152 daAuts
